 Dungeon Crawl Stone Soup version 0.18-a0-1293-g5a2c81a (webtiles) character file.

6502 Goblin1989 the Geomancer (level 10, -1/76 HPs)
             Began as a Deep Dwarf Earth Elementalist on Feb 9, 2016.
             Was an Elder of Makhleb.
             Killed from afar by Amnesiac's ghost (38 damage)
             ... with a bolt of negative energy
             ... on level 10 of the Dungeon on Feb 10, 2016.
             The game lasted 01:27:45 (10991 turns).

Goblin1989 the Geomancer (DDEE)                    Turns: 10991, Time: 01:27:45

Health: -1/76      AC: 11    Str: 14    XL:     10   Next: 69%
Magic:  11/19      EV: 10    Int: 24    God:    Makhleb [****..]
Gold:   390        SH:  0    Dex: 13    Spells: 5 memorised, 6 levels left

rFire  + . .     SeeInvis .     A - +3 trident of the Whale {freeze, *Noise rF+ Str+3 Int+4}
rCold  . . .     Gourm    .     t - +0 ring mail
rNeg   . . .     Faith    .     (no shield)
rPois  .         Spirit   .     L - +2 helmet
rElec  .         Dismiss  .     J - +0 cloak
rCorr  .         Reflect  .     z - +1 pair of gloves
SustAt .         Harm     .     (no boots)
MR     +....                    (no amulet)
Stlth  ..........               (no ring)
                                (no ring)

@: confused, non-regenerating, heavily drained, somewhat resistant to hostile
enchantments, extremely unstealthy
A: damage resistance, recharge devices, sense surroundings 2, slow regeneration
3
a: Device Recharging, Minor Destruction, Lesser Servant of Makhleb, Major
Destruction, Renounce Religion


You were on level 10 of the Dungeon.
You worshipped Makhleb.
Makhleb was greatly pleased with you.
You were not hungry.

You visited 2 branches of the dungeon, and saw 12 of its levels.

You collected 390 gold pieces.

Inventory:

Hand Weapons
 b - a +0 hunting sling of evasion
 A - the +3 trident of the Whale (weapon) {freeze, *Noise rF+ Str+3 Int+4}
   (You found it on level 5 of the Dungeon)

   It has been specially enchanted to freeze those struck by it, causing extra
   injury to most foes and up to half again as much damage against particularly
   susceptible opponents.
   It can also slow down cold-blooded creatures.
   It affects your strength (+3).
   It affects your intelligence (+4).
   It protects you from fire.
   It may make noises in combat.
 O - a +0 hand axe
Missiles
 a - 30 stones (quivered)
 C - 2 javelins
Armour
 t - a +0 ring mail (worn)
 z - a +1 pair of gloves (worn)
 H - a +0 robe of resistance
 I - a +0 shield
 J - a +0 cloak (worn)
 L - a +2 helmet (worn)
Jewellery
 l - an uncursed ring of teleportation
Wands
 d - a wand of heal wounds (0/9)
 o - a wand of lightning (5/15)
 p - a wand of lightning (0/15)
 G - a wand of random effects (2/48)
Scrolls
 k - a scroll of magic mapping {unknown}
 m - 2 scrolls of recharging {unknown}
 r - 2 scrolls of enchant weapon {unknown}
 s - 2 scrolls of fog {unknown}
 u - 2 scrolls of teleportation {unknown}
 w - a scroll of blinking {unknown}
 x - a scroll of fear {unknown}
 B - 2 scrolls of remove curse
Potions
 e - a potion of magic
 g - a potion of cancellation
 h - a potion of cure mutation {unknown}
 i - 4 potions of heal wounds
 n - a potion of lignification
 q - 4 potions of curing
 D - 3 potions of resistance
 E - a potion of might {unknown}
 F - 2 potions of haste
 K - a potion of flight {unknown}
Books
 c - a book of Geomancy

   Spells                             Type                      Level
   a - Sandblast                      Earth                        1
   b - Passwall                       Transmutation/Earth          2
   c - Stone Arrow                    Conjuration/Earth            3
   d - Petrify                        Transmutation/Earth          4
   e - Lee's Rapid Deconstruction     Earth                        5
Comestibles
 f - 6 bread rations
 j - 2 chunks of flesh


   Skills:
 - Level 0.6(0.0) Fighting
 * Level 3.3(2.0) Axes
 * Level 3.4(2.1) Armour
 - Level 2.1(0.9) Dodging
 - Level 2.4(1.1) Stealth
 * Level 6.4(5.0) Spellcasting
 - Level 5.8(4.4) Conjurations
 - Level 0.8(0.0) Transmutations
 + Level 12.0(10.4) Earth Magic
 + Level 5.1(3.8) Invocations
 - Level 9.1(7.6) Evocations


You had 6 spell levels left.
You knew the following spells:

 Your Spells              Type           Power        Failure   Level  Hunger
a - Sandblast             Erth           ######       1%          1    None
b - Stone Arrow           Conj/Erth      #####.       2%          3    ##.....
c - Lee's Rapid Deconstr  Erth           ######....   10%         5    #####..
d - Petrify               Trmt/Erth      ####....     24%         4    ####...
e - Passwall              Trmt/Erth      ####......   3%          2    None


Dungeon Overview and Level Annotations

Branches:
Dungeon (11/15)            Temple (1/1) D:4             Orc (0/2) D:10
   Lair: D:8-11

Altars:
Ashenzari
Cheibriados
Dithmenos
Elyvilon
Fedhas
Gozag
Kikubaaqudgha
Makhleb
Nemelex Xobeh
Okawaru
Pakellas
Ru
Sif Muna
Trog
Vehumet
Xom
Yredelemnul
Zin
The Shining One

Annotations:
D:4 Sigmund
D:9 exclusion: downstairs
D:10 exclusion: downstairs, Amnesiac's ghost, journeyman DrTm


Innate Abilities, Weirdness & Mutations

You are resistant to damage.
You can recharge devices by infusing magical energy.
You passively map the area around you.
You do not regenerate naturally.


Message History

An ice beast comes into view.
Found 4 tomahawks and a scroll labeled QEMUTS NELAORENKU.
Casting: Stone Arrow
Confirm with . or Enter, or press ? or * to list all spells.
You can't see any susceptible monsters within range! (Use Z to cast anyway.) Unknown command.
Amnesiac's ghost turns its malevolent gaze towards you.
Amnesiac's ghost breathes negative energy at you.
The bolt of negative energy hits you!
You feel drained. Amnesiac's ghost casts a spell at you.
The ball explodes into a vile cloud!
The stinking cloud engulfs you!
You are engulfed in noxious fumes.
You choke on the stench!
You are confused.
Amnesiac's ghost gestures at you while chanting.
The ball explodes into a vile cloud!
The stinking cloud engulfs you!
You are engulfed in noxious fumes.
Amnesiac's ghost breathes negative energy at you.
The bolt of negative energy hits you!
You feel drained.
Ouch! That really hurt!
You die...

#.. #..# * #####.#... #.. #..#
* .........$ ,,, ....#..#
#######.#.## #########..#..#
#.....Y..... #.............#
#.###...#... #.#######.##..#
#.# #.#.#### #.#
#.##§§###.###.#### #.#
#.##§§..W........### #.#
#.<@§####.#######... #.#
#.#######.#######... #.#
#[##...........##... #.#
#.........###....... #.#
####.###### #....... #.# #.#
#....... #.# ######.#
######'##..#
####.#####...##.####......##..#
#............+.....+.......#..#


You could see Amnesiac's ghost.

Vanquished Creatures
  Pikel (D:8)
  Joseph (D:9)
  A troll (D:9)
  2 wyverns
  2 hippogriffs
  A hungry ghost (D:8)
  A human (D:8)
  Grum (D:10)
  4 wolves
  Duvessa (D:5)
  A water moccasin (D:9)
  An orc warrior (D:9)
  An ice beast (D:6)
  An eye of draining (D:9)
  3 sky beasts
  2 ogres (D:5)
  A wasp (D:7)
  3 slaves (D:8)
  2 black bears
  A phantom (D:6)
  A boggart (D:8)
  3 centaurs
  A big kobold (D:7)
  4 giant frogs
  A wyvern skeleton (D:8)
  A scorpion (D:10)
  Dowan (D:6)
  A water moccasin skeleton (D:9)
  5 killer bees (D:7)
  A wight (D:5)
  2 crimson imps
  A centaur zombie (D:5)
  A giant frog zombie (D:5)
  3 hounds
  4 orc priests
  A giant frog skeleton (D:5)
  3 jellies (D:6)
  9 orc wizards
  4 iguanas
  8 worker ants
  A hound zombie (D:7)
  A mummy (D:9)
  2 hound skeletons
  2 worker ant zombies
  9 adders
  4 gnolls (D:9)
  A shadow imp (D:6)
  An ooze (D:3)
  An adder skeleton (D:5)
  An adder zombie (D:7)
  A worm (D:5)
  7 giant geckos
  16 orcs
  2 ball pythons
  3 giant cockroaches
  13 goblins
  7 hobgoblins
  8 jackals
  12 kobolds
  7 quokkas
  8 bats
  4 giant newts
  A quokka skeleton (D:5)
  11 rats
209 creatures vanquished.

Vanquished Creatures (collateral kills)
  A human (D:8)
  A hippogriff (D:8)
  2 ogres (D:8)
  A necrophage (D:8)
  A killer bee (D:8)
  A scorpion (D:8)
  2 jackals (D:8)
9 creatures vanquished.

Vanquished Creatures (others)
  A killer bee (D:8)
  A quokka (D:6)
  2 butterflies (D:6)
4 creatures vanquished.

Grand Total: 222 creatures vanquished

Notes
Turn   | Place    | Note
--------------------------------------------------------------
     0 | D:1      | Goblin1989 the Deep Dwarf Earth Elementalist began the quest for the Orb.
     0 | D:1      | Reached XP level 1. HP: 15/15 MP: 3/3
   141 | D:1      | Reached skill level 1 in Evocations
   204 | D:1      | Reached XP level 2. HP: 11/22 MP: 1/4
   855 | D:2      | Reached XP level 3. HP: 14/28 MP: 3/6
  1006 | D:2      | Reached skill level 5 in Earth Magic
  1101 | D:2      | Learned a level 3 spell: Stone Arrow
  1125 | D:2      | Found an ancient bone altar of Kikubaaqudgha.
  1146 | D:2      | Found a faded altar to an unknown god.
  1155 | D:2      | Reached XP level 4. HP: 14/36 MP: 3/7
  1619 | D:3      | Found an opulent altar of Gozag.
  2180 | D:4      | Found a staircase to the Ecumenical Temple.
  2191 | Temple   | Entered the Ecumenical Temple
  2356 | Temple   | Became a worshipper of Makhleb the Destroyer
  2502 | D:4      | Noticed Sigmund
  2557 | D:3      | Reached XP level 5. HP: 14/42 MP: 7/9
  2647 | D:5      | Entered Level 5 of the Dungeon
  2669 | D:5      | Reached skill level 6 in Earth Magic
  2864 | D:5      | Reached XP level 6. HP: 21/49 MP: 0/11
  3070 | D:5      | Found a sparkling altar of Nemelex Xobeh.
  3095 | D:5      | Learned a level 5 spell: Lee's Rapid Deconstruction
  3135 | D:5      | Reached skill level 7 in Earth Magic
  3135 | D:5      | Reached skill level 1 in Invocations
  3138 | D:5      | Reached * piety under Makhleb
  3246 | D:5      | Got a smoking trident
  3247 | D:5      | Identified the cursed +3 trident of the Whale {freeze, *Noise rF+ Str+3 Int+4} (You found it on level 5 of the Dungeon)
  3505 | D:5      | Reached XP level 7. HP: 37/55 MP: 9/12
  3537 | D:5      | Found a shattered altar of Ashenzari.
  3711 | D:5      | Reached skill level 8 in Earth Magic
  3760 | D:5      | Reached skill level 5 in Evocations
  4080 | D:5      | Reached skill level 9 in Earth Magic
  4227 | D:6      | Noticed Duvessa
  4228 | D:6      | Noticed Dowan
  4234 | D:6      | Killed Dowan
  4234 | D:6      | Reached XP level 8. HP: 49/62 MP: 2/13
  4278 | D:5      | Killed Duvessa
  4312 | D:6      | Found a white marble altar of Elyvilon.
  4439 | D:6      | Found a shimmering altar of Xom.
  4441 | D:6      | Reached ** piety under Makhleb
  4455 | D:6      | Found a blossoming altar of Fedhas.
  4901 | D:6      | Reached skill level 10 in Earth Magic
  5595 | D:7      | Reached skill level 1 in Conjurations
  6152 | D:7      | Gained mutation: You passively map the area around you. [Deep Dwarf growth]
  6152 | D:7      | Reached XP level 9. HP: 68/68 MP: 1/16
  6507 | D:7      | Upgraded the game from 0.18-a0-1292-ge8ad84c to 0.18-a0-1293-g5a2c81a
  6640 | D:7      | Reached skill level 5 in Spellcasting
  7121 | D:8      | You fall through a shaft!
  7162 | D:8      | Noticed Pikel
  7268 | D:8      | Reached skill level 11 in Earth Magic
  7283 | D:8      | Reached *** piety under Makhleb
  7393 | D:8      | Found an iron altar of Okawaru.
  7728 | D:8      | Reached skill level 5 in Conjurations
  7743 | D:8      | Killed Pikel
  7743 | D:8      | Reached XP level 10. HP: 40/75 MP: 1/18
  7960 | D:8      | Found a glowing golden altar of the Shining One.
  8006 | D:9      | Learned a level 4 spell: Petrify
  8889 | D:9      | Found a shadowy altar of Dithmenos.
  9106 | D:9      | Found a snail-covered altar of Cheibriados.
  9310 | D:9      | Noticed Joseph
  9338 | D:9      | Killed Joseph
  9338 | D:9      | Reached skill level 1 in Axes
  9338 | D:9      | Reached skill level 1 in Armour
  9856 | D:9      | Reached **** piety under Makhleb
 10272 | D:10     | Entered Level 10 of the Dungeon
 10278 | D:9      | Learned a level 2 spell: Passwall
 10412 | D:11     | Noticed a manticore
 10472 | D:10     | Noticed Amnesiac's ghost (journeyman DrTm)
 10505 | D:10     | Noticed Grum
 10541 | D:10     | Got a pitted plate armour
 10563 | D:9      | Identified the cursed +1 plate armour of the Beekeeper {Str-3 Dex+3} (You found it on level 10 of the Dungeon)
 10596 | D:10     | Reached skill level 12 in Earth Magic
 10819 | D:10     | Killed Grum
 10819 | D:10     | Reached skill level 5 in Invocations
 10991 | D:10     | Killed from afar by Amnesiac's ghost

Vault maps used:
D:1:      dpeg_arrival_court, kennysheep_decorative_pillar
D:2:      lemuel_doored_altar, ecumenical_altar_2, first_bread
D:3:      grunt_gozag_statues
D:4:      grunt_temple_overflow_forces_of_nature,
          minmay_temple_entry_purple_smoke, minmay_misc_feat_rows, uniq_sigmund,
          uniq_eustachio, uniq_crazy_yiuf_cottage
D:5:      nemelex_deck, nicolae_ashenzari_panopticon
D:6:      elyvilon_altar_4, xom_butterflies, fedhas_altar_4, uniq_duvessa
D:8:      marbit_many_paths, okawaru_humans, uniq_pikel
D:9:      slow_altar_1, nicolae_dithmenos_shadow_blocks, uniq_joseph
D:10:     orc_0_dummy, hangedman_fish_farm, uniq_grum
D:11:     david_lair_generic, uniq_maurice
Temple:   jpeg_temple_alley_garden_8

Action                   |  1- 3 |  4- 6 |  7- 9 | 10-12 || total
-------------------------+-------+-------+-------+-------++-------
Melee: Club              |     2 |       |       |       ||     2
       Dagger            |    14 |     6 |    13 |     3 ||    36
       Trident           |       |    15 |       |     6 ||    21
       Whip              |       |       |     6 |    13 ||    19
 Cast: Sandblast         |    57 |    74 |    62 |     8 ||   201
       Stone Arrow       |       |     7 |    35 |    49 ||    91
       Lee's Rapid Decon |       |       |    34 |    22 ||    56
       Petrify           |       |       |       |     2 ||     2
       Passwall          |       |       |       |     1 ||     1
Invok: Lesser Servant of |       |       |     2 |       ||     2
Evoke: Wand              |       |     2 |    32 |     1 ||    35
  Use: Scroll            |       |     7 |     2 |     2 ||    11
       Potion            |       |       |     1 |       ||     1
 Stab: Sleeping          |     1 |       |       |       ||     1
       Paralysed         |       |       |     2 |       ||     2
  Eat: Chunk             |     1 |     3 |    13 |    13 ||    30
       Bread ration      |       |     1 |     1 |       ||     2
       Fruit             |       |     1 |     1 |       ||     2
       Beef jerky        |       |       |     4 |       ||     4
       Pizza             |       |       |     1 |     1 ||     2
       Meat ration       |       |       |       |     1 ||     1
